 Dungeon Crawl Stone Soup version 0.28.0-53-g5a82cb258f (webtiles) character file.

Game seed: 5609714204950410795

42 pbellow the Skirmisher (level 3, -4/33 HPs)
             Began as a Hill Orc Fighter on May 29, 2022.
             Slain by a goblin
             ... wielding a +0 club
             ... led by Robin
              (6 damage)
             ... on level 2 of the Dungeon.
             The game lasted 00:02:19 (1228 turns).

pbellow the Skirmisher (Hill Orc Fighter)           Turns: 1228, Time: 00:02:19

Health: -4/33      AC:  6    Str: 20    XL:     3   Next: 56%
Magic:  3/3        EV:  9    Int:  8    God:
Gold:   64         SH:  4    Dex: 10    Spells: 2/2 levels left

rFire   . . .      SeeInvis .   a - +0 war axe
rCold   . . .      Faith    .   c - +0 buckler
rNeg    . . .      Spirit   .   b - +0 scale mail
rPois   .          Reflect  .   (no helmet)
rElec   .          Harm     .   (no cloak)
rCorr   .          Rampage  .   (no gloves)
Will    .....                   (no boots)
Stlth   ..........              (no amulet)
HPRegen 0.11/turn               (no ring)
MPRegen 0.08/turn               (no ring)

@: no status effects
A: no striking features
a: no special abilities


You were on level 2 of the Dungeon.
You visited 1 branch of the dungeon, and saw 2 of its levels.

You collected 64 gold pieces.

Inventory:

Hand Weapons
 a - a +0 war axe (weapon)
Armour
 b - a +0 scale mail (worn)
 c - a +0 buckler (worn)
 i - an orb of light
Scrolls
 e - a scroll of blinking {unknown}
 f - a scroll of summoning {unknown}
 h - 2 scrolls of teleportation {unknown}
 k - 2 scrolls of identify {unknown}
 l - a scroll of magic mapping {unknown}
 m - 2 scrolls of enchant armour {unknown}
 n - a scroll of fear {unknown}
Potions
 d - a potion of might
 g - a potion of berserk rage {unknown}
 j - a potion of mutation {unknown}


   Skills:
 + Level 4.0 Fighting
 + Level 3.5 Axes
 + Level 3.6 Armour
 + Level 0.1 Dodging
 + Level 3.8 Shields


You had 2 spell levels left.
You didn't know any spells.
Your spell library was empty.

Dungeon Overview and Level Annotations

Branches:
Dungeon (2/15)

Altars:

Annotations:
D:2 Robin


Message History

You hit the goblin.
You kill the goblin!
The goblin hits you with a +0 club.
You hit the goblin.
You kill the goblin!
Robin throws the goblin at you!
The goblin unwields a +0 hunting sling.
The goblin wields a +0 club.
The goblin hits you with a +0 club. The goblin hits you but does no damage.
You completely miss the goblin. You slash the goblin!
You kill the goblin!
The goblin hits you but does no damage.
You barely miss the goblin. The goblin barely misses you.
You slash the goblin!
You kill the goblin!
The quokka barely misses you.
You slash the quokka!
You kill the quokka!
The goblin no longer looks unusually strong.
Robin roars a battlecry!
The goblin goes into a battle-frenzy!
The hobgoblin hits you but does no damage.
You barely miss the hobgoblin. The hobgoblin hits you.
You barely miss the hobgoblin. The hobgoblin barely misses you.
You slash the hobgoblin!
You kill the hobgoblin!
Robin says, "A pitiful Hill Orc like you will never find the ORB!"
Robin throws the goblin at you! You block the goblin's attack.
The goblin hits you with a +0 club.
* * * LOW HITPOINT WARNING * * *
You barely miss the goblin.
The goblin is moderately wounded.
You closely miss the goblin. The goblin hits you with a +0 club.
* * * LOW HITPOINT WARNING * * *
The goblin hits you with a +0 club.
* * * LOW HITPOINT WARNING * * *
The goblin hits you with a +0 club.
* * * LOW HITPOINT WARNING * * *
You completely miss the goblin. You hit the goblin.
The goblin hits you with a +0 club.
You die...

#.####.# #....#.#
####.##.#.#
.....#..#.#
.....#..#.###
.....#......#
....g#..#.#.#######.#
....?.........gg@g>.#
.....#..###....####.#
.....#### ####.#
........ #.#
....##### #.# #####
#.# # #.# # #.#


You could see Robin and 2 goblins.

Vanquished Creatures
  An endoplasm (D:1)
  A giant cockroach (D:1)
  8 goblins
  5 hobgoblins
  6 jackals
  2 quokkas
  2 ball pythons (D:1)
  5 bats (D:1)
  A frilled lizard (D:1)
  3 rats (D:2)
34 creatures vanquished.

Notes
Turn   | Place    | Note
-------+----------+-------------------------------------------
     0 | D:1      | pbellow the Hill Orc Fighter began the quest for the Orb.
     0 | D:1      | Reached XP level 1. HP: 19/19 MP: 1/1
   139 | D:1      | Reached XP level 2. HP: 5/27 MP: 2/2
   774 | D:1      | Reached XP level 3. HP: 33/33 MP: 3/3
  1039 | D:2      | Found a faded altar of an unknown god.
  1040 | D:2      | Noticed an eye of devastation
  1042 | D:2      | Noticed a shining eye
  1042 | D:2      | Noticed an eye of devastation
  1042 | D:2      | Noticed a great orb of eyes
  1070 | D:2      | Reached skill level 4 in Fighting
  1192 | D:2      | Noticed Robin
  1228 | D:2      | Slain by a goblin

Illustrated notes

Levels and vault maps discovered:
D:1:      psy_arrival_whirlpool, layout_loops_ring, st_stairs_5
D:2:      layout_basic, hellmonk_ecumenical_altar_watching_god, uniq_robin

Skill      XL: |  1  2  3 |
---------------+----------+-----
Axes           | 3 |  3.5
Fighting       | 4 |  4.0
Armour         | |  3.6
Dodging        | |  0.1
Shields        | |  3.8

Action                   || total
-------------------------++-------
Melee: War axe           ||    78
Armor: Scale mail        ||    72
Dodge: Dodged            ||    53
Block: Buckler           ||    28
